 Dungeon Crawl Stone Soup version 0.29.1-1-gd02db6906a (webtiles) character file.

Game seed: 3050259438850206987

23 dave1331 the Poker (level 2, 0/25 HPs)
             Began as a Merfolk Berserker on Oct 4, 2022.
             Was a Follower of Trog.
             Slain by a hobgoblin (2 damage)
             ... on level 1 of the Dungeon.
             The game lasted 00:00:59 (556 turns).

dave1331 the Poker (Merfolk Berserker)               Turns: 556, Time: 00:01:00

Health: 0/25       AC:  2    Str: 17    XL:     2   Next: 95%
Magic:  2/2        EV: 13    Int:  6    God:    Trog [*.....]
Gold:   33         SH:  0    Dex: 13    Spells: 1/1 levels left

rFire   . . .      SeeInvis .   a - +0 spear
rCold   . . .      Faith    .   (no shield)
rNeg    . . .      Spirit   .   b - +0 animal skin
rPois   .          Reflect  .   (no helmet)
rElec   .          Harm     .   (no cloak)
rCorr   .          Rampage  .   (no gloves)
Will    .....                   (no boots)
Stlth   +.........              (no amulet)
HPRegen 0.08/turn               (no ring)
MPRegen 0.08/turn               (no ring)

@: no status effects
A: (nimble swimmer 2), mertail
a: Renounce Religion, Berserk


You were on level 1 of the Dungeon.
You worshipped Trog.
Trog was aware of your devotion.
You visited 1 branch of the dungeon, and saw 1 of its levels.

You collected 33 gold pieces.

Inventory:

Hand Weapons
 a - a +0 spear (weapon)
Armour
 b - a +0 animal skin (worn)
Scrolls
 c - a scroll of fear {unknown}
 d - a scroll of poison {unknown}
 e - a scroll of teleportation {unknown}
 g - a scroll of summoning {unknown}
Potions
 f - a potion of heal wounds {unknown}
 h - a potion of degeneration {unknown}


   Skills:
 + Level 3.7 Fighting
 + Level 4.6 Polearms
 + Level 1.4 Armour
 + Level 3.1 Dodging


You had one spell level left.
You didn't know any spells.
Your spell library was empty.

Dungeon Overview and Level Annotations

Branches:
Dungeon (1/15)

Altars:


Innate Abilities, Weirdness & Mutations

((You are very nimble when in or above water. (Stealth+, EV+, Speed+++)))
Your lower body shifts to a powerful aquatic tail in water.


Message History

You hit the kobold but do no damage.
The kobold is moderately wounded.
The kobold hits you with a +0 club. The hobgoblin hits you.
You are too injured to fight recklessly!
You are too injured to fight recklessly!
You are too injured to fight recklessly!
You are too injured to fight recklessly!
You are too injured to fight recklessly!
You are too injured to fight recklessly!
The kobold hits you with a +0 club. The hobgoblin completely misses you.
The hobgoblin misses you. The kobold hits you with a +0 club.
The hobgoblin attacks as you move away! The hobgoblin barely misses you.
The kobold closely misses you. The hobgoblin closely misses you.
The kobold attacks as you move away! The kobold hits you with a +0 club.
* * * LOW HITPOINT WARNING * * *
The hobgoblin attacks as you move away! The hobgoblin completely misses you.
The kobold attacks as you move away! The kobold hits you with a +0 club.
* * * LOW HITPOINT WARNING * * *
You hit the kobold.
You kill the kobold!
Trog accepts your kill. The hobgoblin closely misses you.
You hit the goblin but do no damage. The goblin barely misses you.
The hobgoblin hits you.
* * * LOW HITPOINT WARNING * * *
You barely miss the goblin. You closely miss the goblin.
The hobgoblin hits you but does no damage.
The goblin barely misses you.
You hit the goblin.
The goblin is severely wounded.
The hobgoblin barely misses you. The goblin barely misses you.
You hit the goblin.
You kill the goblin!
Trog accepts your kill. The hobgoblin barely misses you.
You closely miss the rat. The hobgoblin misses you. The rat misses you.
You hit the rat but do no damage. The hobgoblin hits you.
You die...

#... #.#..#.##...
####.#.##.##...###
................#########
#........#.............#
#.###........#.............#
............###...........#
#.......g.##...........#
##.......r@##...........#
#....#.###..............##
#######........#..#............#
.........#.#.#.#...............#
......##.#...#.#.#.............#.
......##.#.##....#..#.##.#+#...#.
......##.#.##..###..#..#.#.#...#.
......##.#.##.......##.#.#.....#.
.........#......##.....#.#.#...#.


You could see a hobgoblin and a rat.

Vanquished Creatures
  A dart slug (D:1)
  A ball python (D:1)
  An endoplasm (D:1)
  A giant cockroach (D:1)
  3 goblins (D:1)
  A hobgoblin (D:1)
  2 quokkas (D:1)
  3 bats (D:1)
  2 frilled lizards (D:1)
  3 kobolds (D:1)
18 creatures vanquished.

Notes
Turn   | Place    | Note
-------+----------+-------------------------------------------
     0 | D:1      | dave1331 the Merfolk Berserker began the quest for the Orb.
     0 | D:1      | Reached XP level 1. HP: 18/18 MP: 1/1
   137 | D:1      | Reached XP level 2. HP: 24/24 MP: 2/2
   556 | D:1      | Slain by a hobgoblin

Illustrated notes

Levels and vault maps discovered:
D:1:      amcnicky_arrival_underground_garden, layout_basic,
          shapermc_ecumenical_altar_rom_forum

Skill      XL: |  1  2 |
---------------+-------+-----
Dodging        | 3 |  3.1
Fighting       | |  3.7
Polearms       | |  4.6
Armour         | |  1.4

Action                   || total
-------------------------++-------
Melee: Spear             ||    63
Armor: Animal skin       ||    14
Dodge: Dodged            ||    56
